AoeStats
← Malcolm Little

Arena

506310213Analyzed
3v3 RM · 19d ago on Sep 13, 2026· 43m 34s· 6 players
Game mode
Random Map
Map size
Normal (6 player)
Population
200
Speed
Normal
Resources
Standard
Victory
Conquest
Starting age
Dark Age
Ending age
Imperial Age
RankedLock teamsTeams togetherTeam positionsShared explorationLock speedFull tech treeHidden civsTurbo modeCheats
Victory
Defeat
🇨🇱 Hindustanis · Chile
1442
+11
🇩🇴 Spanish · Dominican Republic
1385
+13
1304
+16
🇲🇽 Malay · Mexico
1332
-14
🇨🇴 Turks · Colombia
1328
-14
🇭🇰 Slavs · Hong Kong SAR China
1280
-12
neto_leo15
0:27 Loom
12:27 Feudal Age
14:54 Horse Collar
15:01 Double-Bit Axe
20:30 Castle Age
20:16 Heavy Plow
25:31 Gold Mining
25:35 Stone Mining
32:08 Imperial Age
30:30 Wheelbarrow
29:44 Town Watch
30:34 Wheelbarrow
31:43 Scale Barding Armor
32:14 Conscription
32:35 Crop Rotation
32:21 Forging
32:54 Gold Shaft Mining
32:24 Husbandry
32:05 Elite Battle Elephant
33:39 Iron Casting
33:37 Bow Saw
33:45 Hand Cart
35:32 Blast Furnace
JairoElChigüi
10:28 Feudal Age
14:45 Castle Age
13:13 Double-Bit Axe
13:37 Horse Collar
14:18 Loom
15:08 Wheelbarrow
15:50 Bow Saw
16:01 Gold Mining
16:01 Stone Mining
17:59 Fervor
20:35 Padded Archer Armor
21:27 Sanctity
25:38 Leather Archer Armor
28:03 Heavy Plow
29:20 Forging
32:32 Hand Cart
35:36 Imperial Age
33:17 Town Watch
36:17 Scale Barding Armor
36:22 Forging
37:27 Two-Man Saw
37:06 Gold Shaft Mining
36:21 Stone Mining
37:00 Conscription
36:01 Elite Janissary
37:14 Ring Archer Armor
36:58 Artillery
37:18 Husbandry
37:28 Bloodlines
37:55 Ballistics
37:46 Fortified Wall
37:32 Murder Holes
38:22 Scale Barding Armor
38:28 Forging
39:33 Chain Barding Armor
40:29 Hoardings
40:31 Iron Casting
41:19 Iron Casting
42:29 Plate Barding Armor
44:04 Blast Furnace
Jling.YYC
10:22 Feudal Age
11:19 Horse Collar
11:27 Double-Bit Axe
16:43 Castle Age
15:25 Stone Mining
16:06 Loom
16:38 Scale Mail Armor
17:29 Gold Mining
20:57 Town Watch
22:13 Pikeman
23:20 Heavy Plow
29:20 Imperial Age
27:24 Scale Barding Armor
27:30 Forging
29:03 Bow Saw
32:13 Devotion
32:22 Squires
33:56 Chain Mail Armor
34:01 Chain Barding Armor
37:59 Halberdier
39:31 Cavalier
40:22 Bloodlines
40:13 Husbandry
40:11 Light Cavalry
yinyangwar
11:02 Feudal Age
14:52 Castle Age
13:30 Double-Bit Axe
13:55 Horse Collar
16:01 Bow Saw
21:23 Wheelbarrow
21:28 Heavy Plow
23:05 Hand Cart
23:26 Town Watch
29:45 Imperial Age
27:56 Husbandry
28:06 Bloodlines
27:45 Light Cavalry
29:10 Forging
29:31 Scale Barding Armor
30:45 Iron Casting
31:30 Chemistry
31:11 Chain Barding Armor
32:00 Padded Archer Armor
33:02 Blast Furnace
31:43 Heavy Camel Rider
32:18 Stone Mining
32:18 Gold Mining
32:19 Loom
34:23 Gold Shaft Mining
34:49 Two-Man Saw
35:37 Leather Archer Armor
35:58 Plate Barding Armor
35:16 Imperial Camel Rider
37:47 Conscription
42:31 Fervor
42:42 Sanctity
42:00 Hussar
42:57 Leather Archer Armor
Malcolm Little
10:50 Feudal Age
14:31 Castle Age
12:47 Double-Bit Axe
13:46 Scale Mail Armor
14:05 Forging
14:29 Gold Mining
17:07 Redemption
19:33 Wheelbarrow
20:17 Sanctity
21:35 Fervor
23:05 Pikeman
24:35 Town Watch
25:06 Horse Collar
27:31 Loom
28:28 Hand Cart
35:29 Imperial Age
34:08 Stone Mining
35:45 Atonement
37:37 Illumination
37:29 Block Printing
38:04 Conscription
37:31 Capped Ram
38:29 Bow Saw
39:00 Theocracy
39:18 Coinage
38:49 Caravan
39:50 Town Patrol
43:27 Halberdier
[zWq]Ferdinand Von Lindemann
10:54 Feudal Age
11:27 Loom
11:57 Town Watch
13:01 Double-Bit Axe
15:29 Castle Age
13:23 Horse Collar
14:50 Fletching
16:23 Bow Saw
15:35 Crossbowman
16:26 Bodkin Arrow
18:43 Crossbowman
23:33 Wheelbarrow
26:30 Hand Cart
33:00 Imperial Age
30:30 Gold Mining
31:38 Padded Archer Armor
32:07 Ballistics
32:24 Heavy Plow
33:16 Leather Archer Armor
34:54 Chemistry
34:14 Bracer
35:38 Thumb Ring
35:57 Arbalester
37:32 Ring Archer Armor
38:13 Conscription
38:51 Torsion Engines
40:07 Siege Engineers
40:13 Masonry
Connection lost

Rejoining the realm…

Still unreachable

The connection could not be restored.

Session expired

The server has moved on; the page needs a fresh start.